 Dungeon Crawl Stone Soup version 0.31.0-11-ge490571c62 (webtiles) character file.

Game seed: 8260179310183515943

77 Gobbopathe the Chopper (level 4, -1/41 HPs)
             Began as a Gnoll Cinder Acolyte on Feb 1, 2024.
             Was a High Priest of Ignis.
             Slain by a gnoll
             ... wielding a +0 flail
              (6 damage)
             ... on level 3 of the Dungeon.
             The game lasted 00:03:27 (1389 turns).

Gobbopathe the Chopper (Gnoll Cinder Acolyte)       Turns: 1389, Time: 00:03:27

Health: -1/41      AC:  2    Str: 15    XL:     4   Next: 34%
Magic:  8/8        EV: 11    Int: 14    God:    Ignis [*****.]
Gold:   37         SH:  0    Dex:  7    Spells: 7/9 levels left

rFire   + . .        a - -1 hand axe (flame)
rCold   . . .        (no shield)
rNeg    . . .        b - +0 robe
rPois   .            (no helmet)
rElec   .            (no cloak)
rCorr   .            (no gloves)
SInv    .            (no boots)
Will    .....        (no amulet)
Stlth   +            (no ring)
HPRegen 0.26/turn    (no ring)
MPRegen 0.11/turn

%: no passive effects
@: no status effects
A: fangs 1, strong nose, distributed training
a: Renounce Religion, Fiery Armour, Foxfire Swarm, Rising Flame


You were on level 3 of the Dungeon.
You worshipped Ignis.
Ignis was extremely pleased with you.
You visited 1 branch of the dungeon, and saw 3 of its levels.

You collected 37 gold pieces.

Inventory:

Hand Weapons
 a - a -1 hand axe of flaming (weapon)
Missiles
 d - 22 stones (quivered)
 g - 6 poisoned darts
Armour
 b - a +0 robe (worn)
Jewellery
 j - a +6 ring of dexterity
Scrolls
 e - a scroll of blinking {unknown}
 f - a scroll of immolation {unknown}
 i - a scroll of poison {unknown}
 k - a scroll of fog {unknown}
Potions
 h - a potion of heal wounds {unknown}


   Skills:
 + Level 6.6 Fighting
 + Level 1.1 Short Blades
 + Level 1.1 Long Blades
 + Level 6.6 Axes
 + Level 1.1 Maces & Flails
 + Level 1.1 Polearms
 + Level 1.1 Staves
 + Level 1.1 Ranged Weapons
 + Level 1.1 Throwing
 + Level 1.1 Armour
 + Level 1.1 Dodging
 + Level 1.1 Stealth
 + Level 1.1 Shields
 + Level 1.1 Unarmed Combat
 + Level 3.0 Spellcasting
 + Level 0.9 Conjurations
 + Level 0.9 Hexes
 + Level 0.9 Summonings
 + Level 0.9 Necromancy
 + Level 0.9 Translocations
 + Level 5.4 Fire Magic
 + Level 0.9 Ice Magic
 + Level 0.9 Air Magic
 + Level 0.9 Earth Magic
 + Level 0.9 Alchemy
 + Level 1.2 Invocations
 + Level 1.1 Evocations
 + Level 1.0 Shapeshifting


You had 7 spell levels left.
You knew the following spells:

 Your Spells              Type           Power      Damage    Failure   Level
a - Scorch                Fire           34%        2d6       3%          2

Your spell library contained the following spells:

 Spells                   Type           Power      Damage    Failure   Level
 Hailstorm                Conj/Ice       4%         3d5       41%         3
 Summon Ice Beast         Ice/Summ       4%         N/A       41%         3
 Sculpt Simulacrum        Ice/Alch       2%         N/A       100%        6


Dungeon Overview and Level Annotations

Branches:
Dungeon (3/15) Zot: 16612

Altars:

Shops:
D:3 ?


Innate Abilities, Weirdness & Mutations

You have very sharp teeth.
Your uncanny sense of smell can sniff out nearby items.
Your experience applies equally to all skills.


Message History

You hit the orc priest. You burn the orc priest.
The orc priest is moderately wounded.
The orc priest hits you with a +0 hand axe.
You hit the orc priest. You burn the orc priest.
The orc priest is moderately wounded.
The orc priest hits you with a +0 hand axe.
You barely miss the orc priest.
The orc priest is moderately wounded.
The orc priest calls down the wrath of Beogh upon you.
Beogh smites you!
* * * LOW HITPOINT WARNING * * *
You closely miss the orc priest.
The orc priest is moderately wounded.
The orc priest barely misses you.
You closely miss the orc priest.
The orc priest is moderately wounded.
The orc priest barely misses you.
You barely miss the orc priest.
The orc priest is moderately wounded.
The orc priest hits you with a +0 hand axe.
* * * LOW HITPOINT WARNING * * *
You barely miss the orc priest.
The orc priest is moderately wounded.
The orc priest hits you with a +0 hand axe.
* * * LOW HITPOINT WARNING * * *
It was a potion of curing.
You feel better. The orc priest barely misses you.
You slash the orc priest! You burn the orc priest.
You kill the orc priest!
Your Spellcasting skill increases to level 3!
Your Shapeshifting skill increases to level 1!
You have reached level 4!
You feel clever.
Unknown command.
An orc wizard appears from thin air!
Reactivating autopickup.
The gnoll attacks as it pursues you! The gnoll barely misses you.
The gnoll attacks as it pursues you! The gnoll hits you with a +0 flail!
* * * LOW HITPOINT WARNING * * *
The gnoll attacks as it pursues you! The gnoll hits you with a +0 flail.
You die...

.S ##.### .
#.# . #.# #.#
#.# #.# # #.#
#
#######.#####
#
#g.o.g@.....#
###
#o#####.###.#
g.### #)# #.#
#.#
#o..#######g#
#.# #.#
###..#go..o.#
#.###.#
##...######
#.....#
####..#
#.#####
#.....# #.#
#.###.## #.#


You could see an orc wizard, 2 gnolls and an orc.

Vanquished Creatures
  An orc priest (D:3)
  A gnoll (D:1)
  A dart slug (D:1)
  3 orcs
  2 bats (D:1)
  3 endoplasms
  A giant cockroach (D:1)
  4 hobgoblins
  7 kobolds
  3 ball pythons (D:1)
  A frilled lizard (D:1)
  A goblin (D:1)
  5 rats
33 creatures vanquished.

Notes
Turn   | Place    | Note
-------+----------+-------------------------------------------
     0 | D:1      | Gobbopathe the Gnoll Cinder Acolyte began the quest for the
                  | Orb.
     0 | D:1      | Reached XP level 1. HP: 23/23 MP: 4/4
   106 | D:1      | Reached XP level 2. HP: 17/29 MP: 5/5
   325 | D:1      | Found a faded altar of an unknown god.
   478 | D:1      | Reached XP level 3. HP: 29/35 MP: 7/7
   588 | D:1      | Reached skill level 1 in Invocations
  1149 | D:3      | Learned a level 2 spell: Scorch
  1240 | D:3      | Found Xuraep's Magic Scroll Shop.
  1248 | D:3      | Reached skill level 1 in Short Blades
  1248 | D:3      | Reached skill level 1 in Long Blades
  1248 | D:3      | Reached skill level 1 in Maces & Flails
  1248 | D:3      | Reached skill level 1 in Polearms
  1248 | D:3      | Reached skill level 1 in Staves
  1248 | D:3      | Reached skill level 1 in Ranged Weapons
  1248 | D:3      | Reached skill level 1 in Throwing
  1248 | D:3      | Reached skill level 1 in Armour
  1248 | D:3      | Reached skill level 1 in Dodging
  1248 | D:3      | Reached skill level 1 in Stealth
  1248 | D:3      | Reached skill level 1 in Shields
  1248 | D:3      | Reached skill level 1 in Unarmed Combat
  1248 | D:3      | Reached skill level 1 in Evocations
  1385 | D:3      | Reached skill level 1 in Shapeshifting
  1385 | D:3      | Reached XP level 4. HP: 18/41 MP: 8/8
  1389 | D:3      | Slain by a gnoll

Illustrated notes

Levels and vault maps discovered:
D:1:      onia_arrival_pyramid, layout_loops_ring,
          chequers_ecumenical_altar_simple_redux, minmay_surrounded
D:2:      layout_loops_corners, basic_altar, hangedman_decor_peaks_small,
          minmay_misc_feat_tiny
D:3:      layout_basic, mainiacjoe_overflow_alcove_4, serial_shops, shop,
          uniq_jessica

Skill      XL: |  1  2  3 |
---------------+----------+-----
Invocations    | 1 |  1.2
Short Blades   | 1 |  1.1
Long Blades    | 1 |  1.1
Maces & Flails | 1 |  1.1
Polearms       | 1 |  1.1
Staves         | 1 |  1.1
Ranged Weapons | 1 |  1.1
Throwing       | 1 |  1.1
Armour         | 1 |  1.1
Dodging        | 1 |  1.1
Stealth        | 1 |  1.1
Shields        | 1 |  1.1
Unarmed Combat | 1 |  1.1
Evocations     | 1 |  1.1
Spellcasting   | 3 |  3.0
Shapeshifting  | 1 |  1.0
Fighting       | |  6.6
Axes           | |  6.6
Conjurations   | |  0.9
Hexes          | |  0.9
Summonings     | |  0.9
Necromancy     | |  0.9
Translocations | |  0.9
Fire Magic     | |  5.4
Ice Magic      | |  0.9
Air Magic      | |  0.9
Earth Magic    | |  0.9
Alchemy        | |  0.9

Action                     |  1- 3 |  4- 6 || total
---------------------------+-------+-------++-------
  Melee: Hand axe          |   121 |       ||   121
         Bite              |     7 |       ||     7
         Punch             |     4 |       ||     4
  Throw: Stone             |     3 |       ||     3
    Use: Potion            |     1 |       ||     1
   Stab: Sleeping          |     1 |       ||     1
 Armour: Robe              |    68 |     2 ||    70
  Dodge: Dodged            |    67 |     1 ||    68
